 Dungeon Crawl Stone Soup version 0.31-a0-996-g3b49de5836 (webtiles) character file.

Game seed: 14007262513943313261

460 BinkBink the Shield-Bearer (level 7, -2/44 HPs)
             Began as a Gargoyle Fighter on Nov 7, 2023.
             Slain by an ogre
             ... wielding a +0 giant club
              (25 damage)
             ... on level 4 of the Dungeon.
             The game lasted 00:05:01 (3421 turns).

BinkBink the Shield-Bearer (Gargoyle Fighter)       Turns: 3421, Time: 00:05:02

Health: -2/44      AC: 15    Str: 22    XL:     7   Next: 7%
Magic:  7/7        EV:  8    Int:  8    God:
Gold:   146        SH:  4    Dex:  9    Spells: 6/6 levels left

rFire   . . .        a - +0 flail
rCold   . . .        c - +0 buckler
rNeg    + . .        s - +0 chain mail
rPois   ∞            (no helmet)
rElec   +            (no cloak)
rCorr   .            (no gloves)
SInv    .            j - +0 pair of boots
Will    +....        (no amulet) Stlth
                     f - ring of willpower
HPRegen 0.27/turn    (no ring)
MPRegen 0.10/turn

%: no passive effects
@: no status effects
A: sickness immunity, AC +4, negative energy resistance 1, electricity
resistance, torment resistance 1, petrification resistance
a: no special abilities


You were on level 4 of the Dungeon.
You visited 1 branch of the dungeon, and saw 4 of its levels.

You collected 146 gold pieces.

Inventory:

Hand Weapons
 a - a +0 flail (weapon)
Armour
 b - a +0 scale mail
 c - a +0 buckler (worn)
 j - a +0 pair of boots (worn)
 s - a +0 chain mail (worn)
Jewellery
 f - a ring of willpower (left hand)
Wands
 t - a wand of iceblast (7)
Scrolls
 h - a scroll of amnesia
 i - a scroll of fog {unknown}
 k - a scroll of enchant weapon {unknown}
 l - 2 scrolls of teleportation {unknown}
 m - a scroll of brand weapon {unknown}
 n - a scroll of blinking {unknown}
 o - 2 scrolls of fear {unknown}
 q - a scroll of identify {unknown}
 r - a scroll of enchant armour {unknown}
Potions
 d - a potion of might
 e - a potion of attraction {unknown}
 g - 2 potions of curing {unknown}
 p - a potion of heal wounds {unknown}


   Skills:
 + Level 5.1 Fighting
 + Level 3.9 Maces & Flails
 + Level 5.0 Armour
 + Level 5.1 Shields


You had 6 spell levels left.
You didn't know any spells.
Your spell library contained the following spells:

 Spells                   Type           Power      Damage    Failure   Level
 Apportation              Tloc           0%         N/A       97%         1
 Necrotise                Necr           0%         1d4       97%         1
 Summon Small Mammal      Summ           0%         N/A       97%         1


Dungeon Overview and Level Annotations

Branches:
Dungeon (4/15)
 Temple: D:4-7

Altars:
Kikubaaqudgha
Sif Muna
Vehumet

Shops:
D:1 (*   D:2 (((*!

Annotations:
D:3 3 runed translucent doors, Nitrous's ghost, weakling DEFE


Innate Abilities, Weirdness & Mutations

You are immune to sickness and miasma.
Your stone body is resilient. (AC +4)
You are immune to poison.
You resist negative energy. (rN+)
You are resistant to electric shocks. (rElec)
You are resistant to unholy torment.
You are immune to petrification.


Message History

You destroy the sleepcap!
Your Armour skill increases to level 5!
You have reached level 7!
An adder comes into view.
The adder hisses angrily.
An adder is nearby!
An adder is nearby!
You barely miss the adder. The adder bites you but does no damage.
You thump the adder!
You kill the adder!
No target in view!
No target in view!
You now have 146 gold pieces (gained 14).
An ogre comes into view. It is wielding a +0 giant club.
The ogre shouts!
An ogre is nearby!
An ogre is nearby!
The ogre misses you.
You hit the ogre.
The ogre is lightly wounded.
The ogre hits you with a +0 giant club!
You barely miss the ogre.
The ogre is lightly wounded.
The ogre barely misses you.
You thump the ogre!
The ogre is moderately wounded.
You hit the ogre.
The ogre is heavily wounded.
The ogre completely misses you.
You hit the ogre but do no damage.
The ogre is heavily wounded.
The ogre hits you with a +0 giant club.
You hit the ogre but do no damage.
The ogre is heavily wounded.
The ogre hits you with a +0 giant club!
You barely miss the ogre.
The ogre is heavily wounded.
The ogre hits you with a +0 giant club!!
Ouch! That really hurt!
You die...

.# . .# .
..###. ##.
..#. ...
...# ....
#..# #....
#O.# ... .##
##...##@####
..# ..
...........#
..##.#
........####
..#..#
#..####.#
..#.# #.#
#.## ....#
..# #..#
....# ##.#
#..##
....####..#
#...##
###..#....#
##....##


You could see an ogre.

Vanquished Creatures
  A phantom (D:4)
  A sleepcap (D:4)
  2 iguanas (D:4)
  6 orc wizards
  Robin (D:2)
  4 gnolls (D:3)
  5 adders
  A worm (D:3)
  3 orcs
  3 ball pythons
  6 endoplasms
  2 giant cockroaches
  18 goblins
  6 hobgoblins
  4 jackals (D:3)
  6 kobolds
  2 quokkas
  6 bats
  5 frilled lizards
  6 rats
88 creatures vanquished.

Notes
Turn   | Place    | Note
-------+----------+-------------------------------------------
     0 | D:1      | BinkBink the Gargoyle Fighter began the quest for the Orb.
     0 | D:1      | Reached XP level 1. HP: 14/14 MP: 1/1
    70 | D:1      | Found Bijueseo's General Store.
   103 | D:1      | Reached XP level 2. HP: 11/19 MP: 2/2
   465 | D:1      | Found Ufeorgh's Antique Weapon Emporium.
   940 | D:2      | Found Laucwill's General Store.
  1035 | D:2      | Found Mash's Weapon Shoppe.
  1056 | D:2      | Found Bidas's Weapon Shop.
  1107 | D:2      | Found a faded altar of an unknown god.
  1110 | D:2      | Noticed Robin
  1112 | D:2      | Reached XP level 3. HP: 23/24 MP: 3/3
  1169 | D:2      | Killed Robin
  1298 | D:2      | Found Mycle's Weapon Boutique.
  1503 | D:2      | Found Mekkur's Distillery.
  1725 | D:3      | Identified the of Sakerch
  1730 | D:3      | Reached XP level 4. HP: 26/29 MP: 4/4
  1768 | D:3      | Found a runed translucent gate.
  1768 | D:3      | Found a runed translucent gate.
  1768 | D:3      | Found a runed translucent gate.
  1773 | D:3      | Noticed Nitrous's ghost (weakling DEFE)
  2215 | D:3      | Reached XP level 5. HP: 30/33 MP: 5/5
  2482 | D:3      | Reached XP level 6. HP: 22/39 MP: 6/6
  2555 | D:3      | Found an ancient bone altar of Kikubaaqudgha.
  2557 | D:3      | Found a shimmering blue altar of Sif Muna.
  2568 | D:3      | Found a radiant altar of Vehumet.
  2979 | D:4      | HP: 2/40 [iguana (2)]
  3244 | D:4      | Reached skill level 5 in Fighting
  3244 | D:4      | Reached skill level 5 in Shields
  3338 | D:4      | Reached skill level 5 in Armour
  3338 | D:4      | Reached XP level 7. HP: 44/44 MP: 7/7
  3421 | D:4      | Slain by an ogre

Illustrated notes

Levels and vault maps discovered:
D:1:      dpeg_arrival_rooms_a, layout_basic, serial_shops, shop,
          nicolae_shop_advertising_works [nicolae_subvault_shop_adworks]
D:2:      layout_loops_ring, hellmonk_ecumenical_altar_arch_garden,
          serial_shops, nicolae_shop_just_a_little_nook,
          nicolae_shop_hallway_stairs, nicolae_shop_just_a_little_nook, shop,
          nicolae_shop_window_shopping, uniq_robin
D:3:      layout_rooms, palyth_temple_overflow_mages,
          gammafunk_ghost_necromancy, minmay_box_of_dots
D:4:      layout_layer_cave, serial_bayou_lagoon_b

Skill      XL: |  1  2  3  4  5  6 |
---------------+-------------------+-----
Fighting       | 4 5 |  5.1
Shields        | 4 5 |  5.1
Armour         | 4 5 |  5.0
Maces & Flails | 3 |  3.9

Action                     |  1- 3 |  4- 6 |  7- 9 || total
---------------------------+-------+-------+-------++-------
  Melee: Flail             |   114 |   180 |     9 ||   303
    Use: Scroll            |       |     1 |       ||     1
         Potion            |       |     1 |       ||     1
 Armour: Scale mail        |    92 |    78 |       ||   170
         Chain mail        |       |    86 |     5 ||    91
  Dodge: Dodged            |    56 |    75 |     3 ||   134
  Block: Buckler           |    19 |    38 |       ||    57

Table legend: (Time is in decaauts)
 A = Elapsed time spent in this place.
 B = Non-inter-level travel time spent in this place.
 C = Inter-level travel time spent in this place.
 D = Time resting spent in this place.
 E = Time spent auto-exploring this place.
 F = Levels seen in this place.
 G = Mean time per level.
                   A        B        C        D        E       F      G
               +--------+--------+--------+--------+--------+-----+--------+
         Total |   3506 |   3306 |    200 |    367 |   2292 |   4 |  876.5 |
       Dungeon |   3506 |   3306 |    200 |    367 |   2292 |   4 |  876.5 |
               +--------+--------+--------+--------+--------+-----+--------+

Top non-repeatable levels by time:
     D:3: 1030 daAuts
     D:1: 957 daAuts
     D:2: 801 daAuts
     D:4: 717 daAuts
